 Dungeon Crawl Stone Soup version 0.31-a0-234-gad7ace16ef (webtiles) character file.

Game seed: 15484073578195017149

170 Essalna the Insei (level 5, 0/45 HPs)
             Began as a Draconian Transmuter on July 10, 2023.
             Slain by an adder (4 damage)
             ... on level 3 of the Dungeon.
             The game lasted 00:02:47 (1701 turns).

Essalna the Insei (Draconian Transmuter)            Turns: 1701, Time: 00:02:48

Health: 0/45       AC:  5    Str: 12    XL:     5   Next: 26%
Magic:  4/8        EV: 12    Int: 15    God:
Gold:   88         SH:  0    Dex: 12    Spells: 3/8 levels left

rFire   . .          .
                       - Unarmed
rCold   . . .        (no shield)
rNeg    + . .        (body armour unavailable)
rPois   .            (helmet currently unavailable)
rElec   .            (no cloak)
rCorr   .            (no gloves)
SInv    .            (boots currently unavailable)
Will    .....        (no amulet)
Stlth   +            b - ring of positive energy
HPRegen 0.27/turn    (no ring)
MPRegen 0.11/turn

%: no passive effects
@: appendages
A: horns 2, talons 2, AC +5, unfitting armour, cold-blooded
a: End Transformation


You were on level 3 of the Dungeon.
You had temporarily grown beastly horns and talons.
You visited 1 branch of the dungeon, and saw 3 of its levels.

You collected 88 gold pieces.

Inventory:

Jewellery
 b - a ring of positive energy (left hand)
Potions
 a - a potion of lignification
 c - a potion of might {unknown}
 d - 2 potions of haste {unknown}


   Skills:
 + Level 3.2 Fighting
 - Level 1.7 Dodging
 + Level 4.1 Unarmed Combat
 - Level 2.0 Spellcasting
 + Level 3.3 Transmutations
 + Level 1.2 Ice Magic


You had 3 spell levels left.
You knew the following spells:

 Your Spells              Type           Power      Damage    Failure   Level
a - Beastly Appendage     Tmut           22%        N/A       5%          1
b - Ice Form              Ice/Tmut       8%         N/A       65%         4

Your spell library contained the following spells:

 Spells                   Type           Power      Damage    Failure   Level
 Wereblood                Tmut           11%        N/A       9%          2
 Spider Form              Tmut/Pois      6%         N/A       32%         3


Dungeon Overview and Level Annotations

Branches:
Dungeon (3/15)

Altars:


Innate Abilities, Weirdness & Mutations

You have temporarily grown beastly horns and talons.
Your plain brown scales are hard. (AC +5)
You cannot fit into any form of body armour.
You are cold-blooded and may be slowed by cold attacks.


Message History

The orc barely misses you.
You hit the orc but do no damage.
The orc is moderately wounded.
The orc hits you but does no damage.
You hit the orc but do no damage. Your kick misses the orc.
The orc is moderately wounded.
The orc hits you with a +0 flail of protection!
You aren't carrying any items that you can evoke.
Casting: Beastly Appendage (safe; 6% risk of failure)
Confirm with . or Enter, or press ? or * to list all spells.
You extend your transformation's duration.
An adder comes into view.
The orc closely misses you.
You hit the orc.
You kill the orc!
You hit the ogre. You claw the ogre.
The ogre is moderately wounded.
The ogre closely misses you.
You closely miss the ogre. You tail-slap the ogre.
The ogre is moderately wounded.
You barely miss the ogre. You claw the ogre.
The ogre is heavily wounded.
The ogre hits you with a +0 giant club!!
Ouch! That really hurt!
* * * LOW HITPOINT WARNING * * *
You barely miss the ogre. You claw the ogre. You headbutt the ogre.
Your tail-slap misses the ogre.
The ogre is almost dead.
The ogre hits you with a +0 giant club.
* * * LOW HITPOINT WARNING * * *
You barely miss the ogre. You headbutt the ogre.
You kill the ogre!
Your Fighting skill increases to level 3!
Your Unarmed Combat skill increases to level 4!
Your Ice Magic skill increases to level 1!
You have reached level 5!
You hit the adder.
Your tail-slap misses the adder.
The adder is heavily wounded.
The adder bites you.
You die...

#. ##..
##...
.....###
.....##
....
#.####
#.@S.#
####..#
##....
......
#g..##
.##.. .o
... ...
..


You could see an adder.

Vanquished Creatures
  An ogre (D:3)
  3 adders (D:2)
  3 worms
  2 dart slugs
  2 orcs (D:3)
  2 ball pythons (D:1)
  5 endoplasms
  5 giant cockroaches
  4 goblins
  5 hobgoblins (D:1)
  3 jackals (D:1)
  4 quokkas
  A bat (D:1)
  2 frilled lizards
  2 kobolds
  3 rats
47 creatures vanquished.

Notes
Turn   | Place    | Note
-------+----------+-------------------------------------------
     0 | D:1      | Essalna the Draconian Transmuter began the quest for the
                  | Orb.
     0 | D:1      | Reached XP level 1. HP: 16/16 MP: 3/3
   163 | D:1      | Reached XP level 2. HP: 13/23 MP: 3/5
   523 | D:1      | Reached XP level 3. HP: 23/29 MP: 6/6
  1026 | D:2      | Found a faded altar of an unknown god.
  1028 | D:2      | Noticed a great orb of eyes
  1118 | D:2      | Noticed a shining eye
  1118 | D:2      | Noticed a shining eye
  1118 | D:2      | Noticed a shining eye
  1208 | D:2      | Reached XP level 4. HP: 18/37 MP: 5/7
  1559 | D:2      | Learned a level 4 spell: Ice Form
  1688 | D:3      | Noticed an ogre
  1700 | D:3      | Killed an ogre
  1701 | D:3      | Reached skill level 4 in Unarmed Combat
  1701 | D:3      | Reached skill level 1 in Ice Magic
  1701 | D:3      | Reached XP level 5. HP: 3/45 MP: 4/8
  1701 | D:3      | Slain by an adder

Illustrated notes

Levels and vault maps discovered:
D:1:      lightli_arrival_noodles, layout_loops_ring
D:2:      wander_river, layout_basic, hellmonk_ecumenical_altar_watching_god
D:3:      layout_rooms, serial_shops, shop, nicolae_underground_beach,
          uniq_crazy_yiuf_cottage, uniq_terence

Skill      XL: |  1  2  3  4 |
---------------+-------------+-----
Fighting       | 2 3 |  3.2
Transmutations | 3 |  3.3
Unarmed Combat | 4 |  4.1
Ice Magic      | 1 |  1.2
Dodging        | |  1.7
Spellcasting   | |  2.0

Action                     |  1- 3 |  4- 6 || total
---------------------------+-------+-------++-------
  Melee: Unarmed           |    95 |    31 ||   126
         Headbutt          |    20 |     4 ||    24
         Kick              |    18 |    13 ||    31
         Tailslap          |     8 |     2 ||    10
         Punch             |     1 |     2 ||     3
   Cast: Beastly Appendage |    30 |    12 ||    42
    Use: Scroll            |     1 |       ||     1
 Armour: Skin              |    18 |     6 ||    24
  Dodge: Dodged            |    63 |    15 ||    78

Table legend: (Time is in decaauts)
 A = Elapsed time spent in this place.
 B = Non-inter-level travel time spent in this place.
 C = Inter-level travel time spent in this place.
 D = Time resting spent in this place.
 E = Time spent auto-exploring this place.
 F = Levels seen in this place.
 G = Mean time per level.
                   A        B        C        D        E       F      G
               +--------+--------+--------+--------+--------+-----+--------+
         Total |   1719 |   1691 |     28 |      0 |   1378 |   3 |  573.0 |
       Dungeon |   1719 |   1691 |     28 |      0 |   1378 |   3 |  573.0 |
               +--------+--------+--------+--------+--------+-----+--------+

Top non-repeatable levels by time:
     D:2: 878 daAuts
     D:1: 812 daAuts
     D:3: 28 daAuts
